 Dungeon Crawl Stone Soup version 0.31-a0-222-gefeffbb62a (webtiles) character file.

Game seed: 6285222338278235704

316 Nietzsche the Chopper (level 6, 0/46 HPs)
             Began as a Demonspawn Gladiator on July 5, 2023.
             Slain by Blork the orc
             ... wielding a +0 halberd
              (7 damage)
             ... on level 4 of the Dungeon.
             The game lasted 00:10:43 (2429 turns).

Nietzsche the Chopper (Demonspawn Gladiator)        Turns: 2429, Time: 00:10:43

Health: 0/46       AC:  4    Str: 14    XL:     6   Next: 20%
Magic:  9/9        EV: 12    Int: 13    God:
Gold:   119        SH:  0    Dex: 15    Spells: 9/9 levels left

rFire   . . .        n - +0 scythe
rCold   . . .        (shield currently unavailable)
rNeg    . . .        b - +0 leather armour
rPois   .            c - +0 helmet
rElec   .            (no cloak)
rCorr   .            (no gloves)
SInv    .            (no boots)
Will    .....        (no amulet)
Stlth   ++           (no ring)
HPRegen 0.27/turn    (no ring)
MPRegen 0.11/turn

%: no passive effects
@: no status effects
A: foul stench 2, big brain 1
a: no special abilities


You were on level 4 of the Dungeon.
You visited 1 branch of the dungeon, and saw 4 of its levels.

You collected 145 gold pieces.
You spent 26 gold pieces at shops.

Inventory:

Hand Weapons
 a - a +0 war axe
 j - a +2 short sword of freezing
 n - a +0 scythe (weapon)
Missiles
 d - 3 throwing nets (quivered)
 e - a javelin
Armour
 b - a +0 leather armour (worn)
 c - a +0 helmet (worn)
 s - a +2 scale mail of positive energy
Jewellery
 u - a ring of ice
Wands
 p - a wand of charming (5)
 q - a wand of roots (8)
Scrolls
 f - 2 scrolls of teleportation
 h - 2 scrolls of immolation
 o - a scroll of enchant weapon {unknown}
 r - a scroll of vulnerability {unknown}
 t - a scroll of poison {unknown}
Potions
 i - a potion of curing
 k - a potion of cancellation
 l - 4 potions of lignification
 m - a potion of haste {unknown}
 v - a potion of heal wounds {unknown}


   Skills:
 + Level 2.8 Fighting
 - Level 4.0(4.1) Axes
 * Level 1.4(2.9) Polearms
 - Level 1.7 Throwing
 + Level 1.9 Armour
 + Level 3.4 Dodging
 + Level 1.0 Stealth
 * Level 2.1 Spellcasting


You had 9 spell levels left.
You didn't know any spells.
Your spell library was empty.

Dungeon Overview and Level Annotations

Branches:
Dungeon (4/15)
 Temple: D:4-7

Altars:

Shops:
D:1 (   D:2 ?   D:3 [(:*(

Annotations:
D:4 Blork the orc


Innate Abilities, Weirdness & Mutations

You sometimes emit foul miasma when damaged in melee.
You have an unusually large brain. (Int +2)


Message History

You reach to attack!
You closely miss Blork the orc.
Blork the orc is lightly wounded.
Blork the orc hits you from afar with a +0 halberd.
The hound closely misses you.
You barely miss the hound. The hound completely misses you.
Blork the orc misses you. The hound closely misses you.
You miss the hound. The hound misses you.
Blork the orc looks satisfied for a moment.
The hound bites you but does no damage. Blork the orc closely misses you.
You barely miss the hound. The hound bites you but does no damage.
Blork the orc barely misses you. The hound barely misses you.
Blork the orc gestures wildly while chanting.
Blork the orc seems to speed up.
The hound bites you but does no damage. The hound closely misses you.
Blork the orc hits you from afar with a +0 halberd.
There is an open door here.
The hound bites you.
You emit a cloud of foul miasma!
You closely miss the hound.
The hound is engulfed in dark miasma.
The hound is poisoned.
The hound seems to slow down.
The hound closely misses you.
Blork the orc hits you from afar with a +0 halberd.
The hound is engulfed in dark miasma.
The hound looks even sicker.
The hound bites you.
Blork the orc hits you from afar with a +0 halberd!
You hit the hound but do no damage.
The hound is severely wounded.
The hound is no longer moving slowly.
Blork the orc closely misses you.
The hound is engulfed in dark miasma.
The hound looks even sicker.
You kill the hound!
Blork the orc hits you from afar with a +0 halberd!
* * * LOW HITPOINT WARNING * * *
You feel better. Blork the orc casts a spell at you.
The puff of frost hits you!
* * * LOW HITPOINT WARNING * * *
Blork the orc misses you. Blork the orc barely misses you.
Blork the orc hits you with a +0 halberd!
You die...

.......
.).....##+###
.......#....#
.......#..[.#
.......+....#
.......#...#########
.......##@##.......#
.........o.........#
...............>...#
...................#
...................#
...................#
...................#
...................#
..............^....#


You could see Blork the orc (fast).

Vanquished Creatures
  Sigmund (D:2)
  A hound (D:4)
  Terence (D:2)
  4 adders
  A worm (D:2)
  2 dart slugs
  6 ball pythons
  4 endoplasms
  A giant cockroach (D:3)
  7 hobgoblins
  10 jackals
  4 kobolds
  A quokka (D:1)
  6 bats
  4 frilled lizards
  5 goblins
  3 rats
61 creatures vanquished.

Notes
Turn   | Place    | Note
-------+----------+-------------------------------------------
     0 | D:1      | Nietzsche the Demonspawn Gladiator began the quest for the
                  | Orb.
     0 | D:1      | Reached XP level 1. HP: 16/16 MP: 1/1
    34 | D:1      | Found Ucik's Antique Weapon Boutique.
   196 | D:1      | Found a faded altar of an unknown god.
   229 | D:1      | Gained mutation: You may rarely emit foul miasma when
                  | damaged in melee. [demonic ancestry]
   229 | D:1      | Reached XP level 2. HP: 19/22 MP: 2/2
   526 | D:1      | Reached skill level 3 in Axes
   795 | D:2      | Gained mutation: You sometimes emit foul miasma when
                  | damaged in melee. [demonic ancestry]
   795 | D:2      | Reached XP level 3. HP: 25/27 MP: 4/4
   989 | D:2      | Noticed Sigmund
   998 | D:2      | Killed Sigmund
   999 | D:2      | Reached skill level 4 in Axes
   999 | D:2      | Reached skill level 1 in Armour
   999 | D:2      | Reached skill level 1 in Spellcasting
   999 | D:2      | Gained mutation: You have an unusually large brain. (Int
                  | +2) [demonic ancestry]
   999 | D:2      | Reached XP level 4. HP: 31/34 MP: 4/6
   999 | D:2      | Reached XP level 5. HP: 35/39 MP: 4/7
  1102 | D:2      | Noticed Terence
  1109 | D:2      | Killed Terence
  1165 | D:2      | Found Xugg's Magic Scroll Emporium.
  1169 | D:2      | Bought a scroll of identify for 26 gold pieces
  1505 | D:3      | Found Gulilauz's General Store.
  1520 | D:3      | Found Icompuis's Weapon Shop.
  1578 | D:3      | Found Vydoenk's Book Shop.
  1606 | D:3      | Reached skill level 1 in Polearms
  1606 | D:3      | Reached skill level 1 in Stealth
  1606 | D:3      | Reached XP level 6. HP: 31/46 MP: 9/9
  1949 | D:3      | Found Uzazevva's Weapon Boutique.
  2016 | D:3      | Identified the +3 hand axe of Watchfulness {heavy, rPois
                  | Will++}
  2134 | D:3      | Found Qaakong's Armour Shop.
  2411 | D:4      | Noticed Blork the orc
  2429 | D:4      | Slain by Blork the orc

Illustrated notes

Levels and vault maps discovered:
D:1:      lordsloth_arrival_two_stooges, layout_loops_cross, serial_shops, shop,
          ebering_ecumenical_altar_petrified
D:2:      layout_rooms, serial_shops, nicolae_shop_rolled_up, uniq_terence,
          uniq_sigmund
D:3:      layout_basic, serial_shops, shop, nicolae_shop_behind_doors, shop,
          shop, shop
D:4:      layout_gridville, lemuel_tele_altar, grunt_temple_overflow_open,
          uniq_eustachio, uniq_blork_the_orc

Skill      XL: |  1  2  3  4  5 |
---------------+----------------+-----
Dodging        | 3 |  3.4
Axes           | 3 4 |  4.0
Armour         | 1 |  1.9
Spellcasting   | 1 2 |  2.1
Polearms       | 1 |  1.4
Stealth        | 1 |  1.0
Fighting       | |  2.8
Throwing       | |  1.7

Action                     |  1- 3 |  4- 6 || total
---------------------------+-------+-------++-------
  Melee: War axe           |    76 |       ||    76
         Halberd           |       |    86 ||    86
    Use: Scroll            |       |     5 ||     5
         Potion            |       |     1 ||     1
   Stab: Sleeping          |     1 |     2 ||     3
 Armour: Leather armour    |    23 |    33 ||    56
  Dodge: Dodged            |    51 |    91 ||   142

Table legend: (Time is in decaauts)
 A = Elapsed time spent in this place.
 B = Non-inter-level travel time spent in this place.
 C = Inter-level travel time spent in this place.
 D = Time resting spent in this place.
 E = Time spent auto-exploring this place.
 F = Levels seen in this place.
 G = Mean time per level.
                   A        B        C        D        E       F      G
               +--------+--------+--------+--------+--------+-----+--------+
         Total |   2487 |   2462 |     25 |      0 |   1798 |   4 |  621.8 |
       Dungeon |   2487 |   2462 |     25 |      0 |   1798 |   4 |  621.8 |
               +--------+--------+--------+--------+--------+-----+--------+

Top non-repeatable levels by time:
     D:3: 865 daAuts
     D:1: 799 daAuts
     D:2: 693 daAuts
     D:4: 128 daAuts
